 Dungeon Crawl Stone Soup version 0.27.0-1-g7a089689b8 (webtiles) character file.

Game seed: 3400115665087481877

64 Anothat the Shield-Bearer (level 4, -1/37 HPs)
             Began as a Formicid Fighter on Aug 15, 2021.
             Was a Follower of Okawaru.
             Slain by a water moccasin (7 damage)
             ... in a sewer.
             The game lasted 00:02:13 (1271 turns).

Anothat the Shield-Bearer (Formicid Fighter)        Turns: 1271, Time: 00:02:13

Health: -1/37      AC:  6    Str: 22    XL:     4   Next: 32%
Magic:  4/4        EV:  8    Int:  7    God:    Okawaru [*.....]
Gold:   79         SH:  9    Dex: 10    Spells: 3/3 levels left

rFire    . . .     SeeInvis +   a - +0 war axe
rCold    . . .     Faith    .   c - +0 kite shield
rNeg     . . .     Spirit   .   b - +0 scale mail
rPois    .         Reflect  .   (helmet unavailable)
rElec    .         Harm     .   f - scarf {repulsion}
rCorr    .         Rampage  .   (no gloves)
Will     .....                  (no boots)
Stlth    ..........             (no amulet)
HPRegen  0.12/turn              (no ring)
MPRegen  0.09/turn              (no ring)

@: lethally poisoned (-1 -> -12), repel missiles
A: permanent stasis, dig shafts and tunnels, antennae 3, four strong arms
a: Dig, Renounce Religion, Heroism


You were in a sewer.
You worshipped Okawaru.
Okawaru was aware of your devotion.
You visited 1 branch of the dungeon, and saw 3 of its levels.
You also visited: Sewer.

You collected 79 gold pieces.

Inventory:

Hand Weapons
 a - a +0 war axe (weapon)
Armour
 b - a +0 scale mail (worn)
 c - a +0 kite shield (worn)
 f - a scarf of repulsion (worn)
Jewellery
 e - a ring of willpower
Scrolls
 g - a scroll of amnesia {unknown}
 i - a scroll of identify {unknown}
 j - a scroll of vulnerability {unknown}
 k - a scroll of brand weapon {unknown}
Potions
 d - a potion of might
 h - 2 potions of flight {unknown}


   Skills:
 + Level 4.0 Fighting
 + Level 2.9 Axes
 - Level 3.2 Armour
 + Level 4.5 Shields


You had 3 spell levels left.
You didn't know any spells.
Your spell library was empty.

Dungeon Overview and Level Annotations

Branches:
Dungeon (3/15)              Sewer (1/1)

Altars:
Okawaru


Innate Abilities, Weirdness & Mutations

You cannot be hasted, slowed, berserked, paralysed or teleported.
You can dig through walls and to a lower floor.
You have a pair of large antennae on your head. (SInv)
Your four strong arms can wield two-handed weapons with a shield.


Message History

Found 39 gold pieces.
You closely miss the water moccasin.
You block the water moccasin's attack. x2
The water moccasin bites you.
You are poisoned.
The water moccasin poisons you!
You closely miss the water moccasin.
You feel very sick.
The water moccasin bites you but does no damage. x2
You slash the water moccasin!
The water moccasin is heavily wounded.
You feel very sick. The water moccasin bites you.
The water moccasin closely misses you.
You miss the water moccasin.
The water moccasin is heavily wounded.
You feel sick. You block the water moccasin's attack.
The water moccasin bites you but does no damage.
You barely miss the water moccasin.
The water moccasin is heavily wounded.
You feel sick. You block the water moccasin's attack.
The water moccasin barely misses you.
You are too injured to fight recklessly!
You are too injured to fight recklessly!
You are too injured to fight recklessly!
You are too injured to fight recklessly!
You are too injured to fight recklessly!
You are too injured to fight recklessly!
You are too injured to fight recklessly!
You are too injured to fight recklessly!
You are too injured to fight recklessly!
You closely miss the water moccasin.
The water moccasin is moderately wounded.
You feel sick. The water moccasin bites you.
You are lethally poisoned!
The water moccasin poisons you! The water moccasin bites you.
You slash the water moccasin!
The water moccasin is severely wounded.
* * * LOW HITPOINT WARNING * * *
You feel very sick. You block the water moccasin's attack.
The water moccasin bites you!
You die...

#.# ####### #.#
##.....## #.#
#...≈...## #.#
...≈≈≈...#######.#
∩.≈≈≈≈≈..........#
..†≈≈≈...#######.#
#.†.≈...## #.#
##.....## #@#
####### #S# ...
..... .......
#.......#
#.......#
#..$$$..#


You could see a water moccasin.

Vanquished Creatures
  An adder (D:2)
  A dart slug (D:1)
  5 endoplasms
  4 giant cockroaches
  7 hobgoblins
  2 jackals (D:2)
  6 kobolds
  A quokka (D:1)
  4 ball pythons (D:1)
  8 bats
  2 frilled lizards
  5 goblins
  2 rats
48 creatures vanquished.

Notes
Turn   | Place    | Note
-------+----------+-------------------------------------------
     0 | D:1      | Anothat the Formicid Fighter began the quest for the Orb.
     0 | D:1      | Reached XP level 1. HP: 18/18 MP: 1/1
    59 | D:1      | Reached XP level 2. HP: 23/24 MP: 2/2
   196 | D:1      | Reached XP level 3. HP: 28/30 MP: 3/3
   498 | D:1      | Found a faded altar of an unknown god.
   517 | D:1      | Became a worshipper of Warmaster Okawaru
   517 | D:1      | Reached * piety under Okawaru
   713 | D:2      | Reached XP level 4. HP: 37/37 MP: 4/4
  1185 | D:3      | Found a glowing drain.
  1205 | Sewer    | Entered a sewer
  1262 | Sewer    | Noticed a water moccasin
  1271 | Sewer    | Slain by a water moccasin

Illustrated notes

Levels and vault maps discovered:
D:1:      dpeg_arrival_long_road, layout_rooms,
          dreamdust_ecumenical_altar_angels_and_demons, minmay_fountain_box,
          grunt_decor_arrowhead
D:2:      layout_basic
D:3:      wad_pebble_path, layout_basic, lemuel_crystal_altar,
          portal_sewer_entry_a, uniq_sigmund
Sewer:    sewer_big_baddie

Skill      XL: |  1  2  3  4 |
---------------+-------------+-----
Shields        | 4 |  4.5
Fighting       | 4 |  4.0
Axes           | |  2.9
Armour         | |  3.2

Action                   |  1- 3 |  4- 6 || total
-------------------------+-------+-------++-------
Melee: War axe           |    84 |    50 ||   134
Armor: Scale mail        |    28 |    35 ||    63
Dodge: Dodged            |    33 |    26 ||    59
       Repelled          |     3 |       ||     3
Block: Kite shield       |    43 |    48 ||    91
